 Dungeon Crawl Stone Soup version 0.32-a0-450-g080537f31e (webtiles) character file.

Game seed: 11088359080798633019

1544 ezpacito the Trooper (level 8, -4/67 HPs)
             Began as a Demonspawn Chaos Knight on Feb 23, 2024.
             Was a Plaything of Xom.
             Slain by Juicyj's ghost (8 damage)
             ... on level 7 of the Dungeon.
             The game lasted 00:07:52 (4914 turns).

ezpacito the Trooper (Demonspawn Chaos Knight)      Turns: 4914, Time: 00:07:53

Health: -4/67      AC: 10    Str: 16 (18) XL:     8   Next: 56%
Magic:  18/21      EV: 12    Int: 12 (14) God:    Xom [.....*]
Gold:   377        SH:  0    Dex: 10 (12) Spells: 0/12 levels left

rFire   + + +        h - +9 quarterstaff of the Eternal Warrior {vamp, *Slow rElec rPois MP+9}
rCold   + + .        (shield currently unavailable)
rNeg    . . .        m - +4 ring mail
rPois   +            (helmet restricted)
rElec   +            x - +0 cloak
rCorr   +            (gloves unavailable)
SInv    .            (no boots)
Will    .....        (no amulet) Stlth
                     D - ring of Xom's Entertainment {*Slow rPois rF++ rC+ Stlth-}
HPRegen 0.31/turn    o - +6 ring of strength
MPRegen 0.17/turn

%: slow self (2%)
@: mighty, resistant, weak-willed, very slightly contaminated, hasted, wreathed
by umbra, very quick
A: sturdy frame 1, demonic touch 3, foul shadow 1, horns 1, fire resistance 1,
robust 1, weak 1, subdued magic 1
a: Renounce Religion


You were on level 7 of the Dungeon.
You worshipped Xom.
You were Xom's teddy bear.
You visited 2 branches of the dungeon, and saw 8 of its levels.

You collected 377 gold pieces.

Inventory:

Hand Weapons
 a - a +0 hand axe of chaos
 h - the +9 quarterstaff of the Eternal Warrior (weapon) {vamp, *Slow rElec rPois MP+9}
   (You took it off a goblin on level 2 of the Dungeon)

   rElec:     It insulates you from electricity.
   rPois:     It protects you from poison MP+9: It affects your magic capacity
   (+9).
   *Slow:     It may slow you when you take damage.
Missiles
 g - 3 atropa-tipped darts (quivered)
Armour
 c - a +0 buckler
 f - a +0 helmet
 m - a +4 ring mail (worn)
 t - a +0 chain mail
 x - a +0 cloak (worn)
 A - a +0 plate armour
Magical Staves
 i - a staff of air
Jewellery
 e - a ring of positive energy
 o - a +6 ring of strength (right hand)
 C - a ring of see invisible
 D - the ring of Xom's Entertainment (left hand) {*Slow rPois rF++ rC+ Stlth-}
   (Xom gifted it to you on level 7 of the Dungeon)

   [ring of poison resistance]

   rF++:      It greatly protects you from fire.
   rC+:       It protects you from cold.
   rPois:     It protects you from poison *Slow: It may slow you when you take
   damage.
   Stlth-:    It makes you less stealthy.
Talismans
 n - a beast talisman
Wands
 v - a wand of flame (37)
Scrolls
 d - 4 scrolls of amnesia
 k - 3 scrolls of teleportation
Potions
 l - 5 potions of brilliance
 w - a potion of enlightenment


   Skills:
 * Level 4.5 Fighting
 * Level 4.3(4.6) Axes
 + Level 1.9(3.4) Polearms
 * Level 3.5 Armour
 * Level 3.1 Dodging
 + Level 2.1 Stealth
 * Level 2.8 Unarmed Combat
 * Level 2.9 Spellcasting
 + Level 0.3 Conjurations
 + Level 1.8 Hexes
 + Level 2.0 Summonings
 * Level 3.3 Necromancy
 + Level 0.3 Alchemy
 + Level 2.0 Evocations


You couldn't memorise any spells.
You knew the following spells:

 Your Spells              Type           Power      Damage    Failure   Level
a - Call Imp              Summ           10%        N/A       19%         2
b - Fugue of the Fallen   Necr           7%         N/A       22%         3
c - Slow                  Hex            16%        N/A       13%         1
d - Vampiric Draining     Necr           7%         2d6       22%         3
e - Mephitic Cloud        Conj/Alch/Air  1%         N/A       63%         3

Your spell library contained the following spells:

 Spells                   Type           Power      Damage    Failure   Level
 Sublimation of Blood     Necr           7%         N/A       11%         2
 Mercury Vapours          Alch/Air       2%         N/A       38%         2
 Static Discharge         Conj/Air       2%         3-4/arc   38%         2
 Confusing Touch          Hex            4%         N/A       38%         3
 Sigil of Binding         Hex            4%         N/A       38%         3
 Stone Arrow              Conj/Erth      2%         3d7       63%         3
 Ozocubu's Armour         Ice            1%         N/A       67%         3
 Animate Armour           Summ/Erth      6%         N/A       90%         4
 Summon Lightning Spire   Summ/Air       3%         N/A       90%         4
 Airstrike                Air            0%         2d(1-17)  97%         4
 Manifold Assault         Tloc           1%         N/A       97%         4
 Freezing Cloud           Conj/Ice/Air   0%         6-21      100%        5
 Summon Hydra             Summ           2%         N/A       100%        7
 Lehudib's Crystal Spear  Conj/Erth      0%         10d2      100%        8


Dungeon Overview and Level Annotations

Branches:
Dungeon (7/15)             Temple (1/1) D:6

Altars:
Cheibriados
Fedhas
Gozag
Hepliaklqana
Kikubaaqudgha
Makhleb
Nemelex Xobeh
Okawaru
Ru
Trog
Uskayaw
Vehumet
Wu Jian
Xom
Yredelemnul

Annotations:
D:7 2 runed translucent doors, Juicyj's ghost, novice MiFi


Innate Abilities, Weirdness & Mutations

Your movements are slightly less encumbered by armour. (ER -2)
Your touch may irresistibly damage your foes and sap their willpower.
You are faintly shadowed, very rarely releasing foul flame when damaged in melee.
You have a pair of small horns on your head.
Your flesh is heat resistant. (rF+)
You are robust. (+10% HP)
You are weak. (Str -2)
Your spells are a little easier to cast, but a little less powerful.


Message History

The orc warrior hits you with a +0 mace.
* * * LOW HITPOINT WARNING * * *
Juicyj's ghost closely misses you. The orc hits you but does no damage.
As you read the scroll labelled GIGEGH XEXUCLE, it crumbles to dust.
You hear a loud clanging noise!
It was a scroll of noise.
You hear a shout! x4
Okay, then.
It was a potion of degeneration.
There was something very wrong with that liquid.
You feel weakened.
You feel dopey.
You feel clumsy. Juicyj's ghost barely misses you.
The orc hits you but does no damage. The orc warrior misses you.
Okay, then.
It was a potion of resistance.
You feel protected.
The orc priest calls down the wrath of Beogh upon you.
Pain shoots through your body!
* * * LOW HITPOINT WARNING * * *
The orc warrior barely misses you. Juicyj's ghost closely misses you.
The orc closely misses you.
It was a potion of mutation.
You feel extremely strange.
You feel stable. x2
You no longer feel a hidden potential within.
You feel weaker.
Your connection to magic feels subdued.
You feel robust. A pair of horns grows on your head!
Your +0 helmet falls away!
Okay, then.
Okay, then.
Okay, then.
Okay, then.
Cast which spell? (? or * to list)
Aiming: Vampiric Draining (dangerous; 22% risk of failure)
Press: ? - help, Shift-Dir - straight line, f - orc
Aim: an orc, wielding a +0 falchion and wearing a +0 leather armour (moderately wounded, weak-willed, umbra)
You miscast Vampiric Draining.
You are very lightly contaminated with residual magic.
Nothing appears to happen.
Juicyj's ghost hits you!
You die...
Xom snickers!

...# ########§§.#
#§§☼☼§§§§..#
#<§§§§§§§..
#..☼§§§ß######
#...§§§§#.....
###....§§§#..##.
###....###§§#..#ß.
#.....##§o@o#..##.
#.#.#.###§§W#.#...
##.#.## #§o§§§# ..
#.###.# #§§§o§#.ßo
##.#.## #§§☼§§#...
#.#.# #§§§#§#...
##.#.## ##§☼#§§##.
#.###.# #§§§#§§#ß.
##.#.## #...#..##.


You could see 2 orc warriors, an orc priest (weak-willed), Juicyj's ghost
(weak-willed) and an orc (weak-willed).

Vanquished Creatures
  A steam dragon (D:6)
  A water moccasin (D:6)
  2 ice beasts
  A black bear (D:6)
  A centaur (D:6)
  2 phantoms
  A bullfrog (D:6)
  3 scorpions
  2 bombardier beetles
  2 jellies (D:6)
  2 orc priests (D:7)
  3 hounds
  2 iguanas (D:6)
  2 orc wizards (D:7)
  Robin (D:2)
  3 gnolls (D:3)
  7 adders
  2 dart slugs
  3 ribbon worms (D:2)
  10 orcs
  5 ball pythons
  8 endoplasms
  A giant cockroach (D:1)
  16 goblins
  8 hobgoblins
  2 jackals (D:2)
  10 kobolds
  A quokka (D:1)
  5 bats
  3 frilled lizards
  6 rats
116 creatures vanquished.

Notes
Turn   | Place    | Note
-------+----------+-------------------------------------------
     0 | D:1      | ezpacito the Demonspawn Chaos Knight began the quest for
                  | the Orb.
     0 | D:1      | Reached XP level 1. HP: 18/18 MP: 1/1
    21 | D:1      | XOM: silly message
    37 | D:1      | Reached skill level 1 in Dodging
   166 | D:1      | XOM: 1-stop teleportation journey
   203 | D:1      | Gained mutation: You are faintly shadowed, very rarely
                  | releasing foul flame when damaged in melee. [demonic
                  | ancestry]
   203 | D:1      | Reached XP level 2. HP: 15/24 MP: 2/2
   652 | D:1      | Gained mutation: Your touch may inflict minor irresistible
                  | damage on your foes. [demonic ancestry]
   652 | D:1      | Reached XP level 3. HP: 23/29 MP: 3/3
   679 | D:1      | XOM: give mutations
   679 | D:1      | Gained mutation: You are clumsy. (Dex -2) [Xom's mischief]
   679 | D:1      | Lost mutation: You are clumsy. (Dex -2) [Xom's mischief]
   679 | D:1      | Gained mutation: You have a pair of small antennae on your
                  | head. [Xom's mischief]
   679 | D:1      | Lost mutation: You have a pair of small antennae on your
                  | head. [Xom's mischief]
   811 | D:2      | Learned a level 2 spell: Call Imp
   815 | D:2      | XOM: cast spell 'Disjunction'
   825 | D:2      | Noticed Robin
   827 | D:2      | Identified the +9 quarterstaff of the Eternal Warrior
                  | {vamp, *Slow rElec rPois MP+9}
   841 | D:2      | Reached skill level 1 in Spellcasting
   841 | D:2      | Killed Robin
   868 | D:2      | Gained mutation: Your touch may inflict irresistible damage
                  | on your foes. [demonic ancestry]
   868 | D:2      | Reached XP level 4. HP: 34/35 MP: 5/5
  1169 | D:2      | Learned a level 3 spell: Fugue of the Fallen
  1297 | D:2      | Found a faded altar of an unknown god.
  1391 | D:2      | XOM: divination: magic mapping
  1611 | D:3      | XOM: stealth player
  1663 | D:3      | XOM: 2-stop teleportation journey
  1802 | D:3      | Reached skill level 1 in Unarmed Combat
  1802 | D:3      | Reached XP level 5. HP: 41/41 MP: 6/6
  1936 | D:3      | Reached skill level 1 in Necromancy
  2022 | D:3      | Found a sacrificial altar of Ru.
  2095 | D:3      | XOM: god gift: viscous white potion {god gift}
  2163 | D:3      | Learned a level 1 spell: Slow
  2266 | D:3      | XOM: give mutation
  2266 | D:3      | Gained mutation: You are occasionally teleported next to
                  | monsters. [Xom's mischief]
  2684 | D:4      | XOM: stat loss: -1 Int (12/13)
  2723 | D:4      | XOM: confuse monster(s)
  2816 | D:4      | XOM: draining
  2833 | D:4      | XOM: stat loss: -1 Int (12/13)
  2985 | D:4      | XOM: summons 2 hostile shadow creatures
  3270 | D:5      | Entered Level 5 of the Dungeon
  3352 | D:5      | Found a hazy altar of Hepliaklqana.
  3362 | D:5      | Noticed an ice beast
  3362 | D:5      | XOM: swap monsters
  3371 | D:5      | Killed an ice beast
  3372 | D:5      | Reached skill level 1 in Polearms
  3372 | D:5      | Reached skill level 1 in Stealth
  3372 | D:5      | Reached skill level 1 in Evocations
  3372 | D:5      | Gained mutation: Your movements are slightly less
                  | encumbered by armour. (ER -2) [demonic ancestry]
  3372 | D:5      | Reached XP level 6. HP: 31/48 MP: 8/8
  3877 | D:5      | Reached skill level 1 in Hexes
  3877 | D:5      | Reached skill level 1 in Summonings
  3939 | D:6      | Gained mutation: Your touch may irresistibly damage your
                  | foes and sap their willpower. [demonic ancestry]
  3939 | D:6      | Reached XP level 7. HP: 53/53 MP: 9/9
  4024 | D:6      | XOM: give mutations
  4024 | D:6      | Gained mutation: You have supernaturally acute eyesight.
                  | (SInv) [Xom's mischief]
  4024 | D:6      | Lost mutation: You have supernaturally acute eyesight.
                  | (SInv) [Xom's mischief]
  4024 | D:6      | Gained mutation: You are often teleported next to monsters.
                  | [Xom's mischief]
  4024 | D:6      | Gained mutation: You have hidden genetic potential. [Xom's
                  | mischief]
  4072 | D:6      | Learned a level 3 spell: Vampiric Draining
  4114 | D:6      | Reached XP level 8. HP: 49/60 MP: 11/11
  4237 | D:6      | Found a staircase to the Ecumenical Temple.
  4254 | Temple   | Entered the Ecumenical Temple
  4272 | D:6      | Gained mutation: Your flesh is heat resistant. (rF+)
                  | [hidden potential]
  4312 | D:6      | Learned a level 3 spell: Mephitic Cloud
  4329 | D:6      | XOM: summons 1 hostile demon
  4359 | D:6      | XOM: torment (35/61 hp)
  4543 | D:6      | XOM: silly message
  4737 | D:7      | HP: 3/61 [orc warrior/+0 long sword (4)]
  4738 | D:7      | XOM: 1-stop teleportation journey
  4744 | D:7      | Found a runed translucent gate.
  4746 | D:7      | Found a runed translucent gate.
  4746 | D:7      | Noticed Juicyj's ghost (novice MiFi)
  4746 | D:7      | Identified the +7 plate armour "Keom Ahe" {Fly Will++
                  | Dex-2}
  4747 | D:7      | XOM: scenery: 1 doors open
  4758 | D:7      | Noticed a +0 hand axe
  4760 | D:7      | Noticed a +0 hand axe
  4761 | D:7      | Found a hide-covered altar of Uskayaw.
  4884 | D:7      | Identified the ring of Xom's Entertainment {*Slow rPois
                  | rF++ rC+ Stlth-} (Xom gifted it to you on level 7 of the
                  | Dungeon)
  4884 | D:7      | XOM: god gift: ring of Xom's Entertainment {*Slow rPois
                  | rF++ rC+ Stlth-}
  4908 | D:7      | Identified a scroll of acquirement
  4908 | D:7      | Acquired the +5 broad axe "Sirgh" {freeze, Fly rN+}
  4913 | D:7      | Lost mutation: You are often teleported next to monsters.
                  | [potion of mutation]
  4913 | D:7      | Lost mutation: You are occasionally teleported next to
                  | monsters. [potion of mutation]
  4913 | D:7      | Lost mutation: You have hidden genetic potential. [potion
                  | of mutation]
  4913 | D:7      | Gained mutation: You are weak. (Str -2) [potion of
                  | mutation]
  4913 | D:7      | Gained mutation: Your spells are a little easier to cast,
                  | but a little less powerful. [potion of mutation]
  4913 | D:7      | Gained mutation: You are robust. (+10% HP) [potion of
                  | mutation]
  4913 | D:7      | Gained mutation: You have a pair of small horns on your
                  | head. [potion of mutation]
  4914 | D:7      | Slain by Juicyj's ghost

Illustrated notes

Levels and vault maps discovered:
D:1:      saegor_arrival_simple_b, layout_loops_cross
D:2:      layout_basic, chequers_ecumenical_altar_grove,
          mrwooster_statue_mirror, minmay_pentomino_pile, uniq_robin
D:3:      layout_basic, nicolae_ru_path_of_blood, grunt_decor_resistance,
          saegor_snake_ambush
D:4:      layout_loops_ring, mainiacjoe_overflow_alcove_4
D:5:      layout_loops_ring, amcnicky_altar_gilded, minmay_statues_item
D:6:      layout_basic, minmay_temple_entry_sparse_star
D:7:      layout_gridville, dancing_weapons_uskayaw, evilmike_ruin_ashenzari,
          nicolae_qazlal_scattered_showers, biasface_ghost_orc_armoury,
          st_stairs_5, roderic_roman_lattice
Temple:   eino_temple_water

Skill      XL: |  1  2  3  4  5  6  7  8 |
---------------+-------------------------+-----
Dodging        | 1 2 3 |  3.1
Axes           | 3 4 |  4.3
Armour         | 2 3 |  3.5
Spellcasting   | 1 2 |  2.9
Unarmed Combat | 1 2 |  2.8
Necromancy     | 1 2 3 |  3.3
Polearms       | 1 |  1.9
Stealth        | 1 2 |  2.1
Evocations     | 1 2 |  2.0
Hexes          | 1 |  1.8
Summonings     | 1 2 |  2.0
Fighting       | 4 |  4.5
Conjurations   | |  0.3
Alchemy        | |  0.3

Action                     |  1- 3 |  4- 6 |  7- 9 || total
---------------------------+-------+-------+-------++-------
  Melee: Hand axe          |   106 |       |       ||   106
         Touch             |     4 |       |       ||     4
         Quarterstaff      |       |   113 |    90 ||   203
    Use: Scroll            |       |     9 |     6 ||    15
         Potion            |       |       |    12 ||    12
   Stab: Sleeping          |     1 |     3 |       ||     4
         Distracted        |       |     1 |       ||     1
         Invisible         |       |       |     3 ||     3
 Armour: Leather armour    |    55 |    46 |       ||   101
         Ring mail         |       |    18 |   151 ||   169
  Dodge: Dodged            |    71 |    68 |   110 ||   249

Table legend: (Time is in decaauts)
 A = Elapsed time spent in this place.
 B = Non-inter-level travel time spent in this place.
 C = Inter-level travel time spent in this place.
 D = Time resting spent in this place.
 E = Time spent auto-exploring this place.
 F = Levels seen in this place.
 G = Mean time per level.
                   A        B        C        D        E       F      G
               +--------+--------+--------+--------+--------+-----+--------+
         Total |   4986 |   4647 |    339 |     84 |   3641 |   8 |  623.2 |
       Dungeon |   4985 |   4646 |    339 |     84 |   3641 |   7 |  712.1 |
        Temple |      1 |      1 |      0 |      0 |      0 |   1 |    1.0 |
               +--------+--------+--------+--------+--------+-----+--------+

Top non-repeatable levels by time:
     D:4: 850 daAuts
     D:2: 849 daAuts
     D:3: 835 daAuts
     D:6: 789 daAuts
     D:1: 786 daAuts
     D:5: 650 daAuts
     D:7: 223 daAuts
  Temple: 1 daAuts
